NCAA
BOSTON COLLEGE EAGLES @ SOUTH CAROLINA GAMECOCKS
05/23/2024
 
TOP OF THE 1ST
Boston College Eagles batting - Pitching for South Carolina Gamecocks : RHP Bryce Davis
Pitching: RHP Bryce Davis
Batting: RHB Kane Cooper 0-0: Ground out 6-3 (Groundball, 6)
Batting: SHB Felipe Castro 0-0: Ball
1-0: SINGLE (Flyball, 78S)
Batting: LHB Dave Cook 0-0: Called Strike
0-1: Ball
1-1: Ball
2-1: Swinging Strike
2-2: Ball
3-2: Base on Balls
Felipe Castro to second
Batting: RHB Vernon Sterling 0-0: Fly out, F6 (Line Drive, 6)
Batting: RHB Mike Martin 0-0: Ball
1-0: Ball
2-0: Ball
3-0: Called Strike
3-1: Foul Ball, location: 2F
3-2: Strikes out swinging
Top of the 1st over - 0 run(s), 1 hit(s), 0 error(s), 2 left on base; Boston College 0 - South Carolina 0
BOTTOM OF THE 1ST
South Carolina Gamecocks batting - Pitching for Boston College Eagles : RHP Steven LeBlanc
Pitching: RHP Steven LeBlanc
Batting: LHB Josh Pérez 0-0: Ball
1-0: Ball
2-0: Ball
3-0: Swinging Strike
3-1: Swinging Strike
3-2: Base on Balls
Batting: RHB Lewis Carter 0-0: Ball
1-0: Swinging Strike
1-1: SINGLE (Line Drive, 7LS)
Josh Pérez to second
Batting: RHB Junior Adams 0-0: Ball
1-0: Called Strike
1-1: Fielders Choice at 2nd, 6-4 (Groundball, 6)
Josh Pérez to third
Batting: RHB Doug O'Brien 0-0: Ball
Junior Adams steals 2nd base
1-0: Reached on error, E5 (Groundball, 5L)
Josh Pérez scores
Junior Adams scores
Batting: RHB Carl Johnston 0-0: Called Strike
0-1: Foul Ball, location: 2F
0-2: Foul Ball, location: 2F
0-2: Ball
1-2: Foul Ball, location: 2F
1-2: Ground out 6-3 (Groundball, 6D)
Batting: RHB Taylor Justice 0-0: Swinging Strike
0-1: Called Strike
0-2: SINGLE (Groundball, 56)
Doug O'Brien to third
Runner from 3rd tries for Home, SAFE, no throw or cutoff
Batting: RHB Clint Ratzlaff 0-0: Foul Ball, location: 2F
0-1: Swinging Strike
0-2: Ball
1-2: Ball
2-2: Ball
3-2: Base on Balls
Taylor Justice to second
Batting: RHB José Zúńiga 0-0: Fly out, F6 (Popup, 56D)
Bottom of the 1st over - 3 run(s), 2 hit(s), 1 error(s), 2 left on base; Boston College 0 - South Carolina 3
TOP OF THE 2ND
Boston College Eagles batting - Pitching for South Carolina Gamecocks : RHP Bryce Davis
Batting: RHB Emory Brooks 0-0: Ball
1-0: SINGLE (Groundball, 34)
Batting: RHB Ambrose Brown 0-0: Ball
1-0: Called Strike
1-1: Reached on error, E5 (Groundball, 56)
Emory Brooks to second
Batting: RHB Wade Ayers 0-0: Foul Ball, location: 2F
0-1: Ball
1-1: Ball
2-1: Ball
3-1: Base on Balls
Emory Brooks to third
Ambrose Brown to second
Batting: RHB Will Stafford 0-0: Called Strike
0-1: SINGLE (Line Drive, 78S)
Emory Brooks scores
Ambrose Brown to third
Wade Ayers to second
Runner from 3rd tries for Home, throw and OUT!
Wade Ayers to third
Will Stafford to second
Batting: RHB Kane Cooper 0-0: Ball
1-0: Ball
2-0: Ball
3-0: Called Strike
3-1: Called Strike
3-2: Base on Balls
Batting: SHB Felipe Castro 0-0: Ball
1-0: Called Strike
1-1: Grounds into double play, U4-3 (Groundball, 4)
Top of the 2nd over - 1 run(s), 2 hit(s), 1 error(s), 2 left on base; Boston College 1 - South Carolina 3
BOTTOM OF THE 2ND
South Carolina Gamecocks batting - Pitching for Boston College Eagles : RHP Steven LeBlanc
Batting: RHB Gary Wyatt 0-0: Ground out 6-3 (Groundball, 6M)
Batting: LHB Josh Pérez 0-0: Swinging Strike
0-1: Ball
1-1: Ball
2-1: Foul Ball, location: 2F
2-2: Ground out U3 (Groundball, 3)
Batting: RHB Lewis Carter 0-0: Swinging Strike
0-1: Ground out 6-3 (Groundball, 6)
Bottom of the 2nd over - 0 run(s), 0 hit(s), 0 error(s), 0 left on base; Boston College 1 - South Carolina 3
TOP OF THE 3RD
Boston College Eagles batting - Pitching for South Carolina Gamecocks : RHP Bryce Davis
Batting: LHB Dave Cook 0-0: Foul Ball, location: 2F
0-1: Ball
1-1: Foul Ball, location: 2F
1-2: Ball
2-2: Foul Ball, location: 2F
2-2: Ball
3-2: Ground out 4-3 (Groundball, 4M)
Batting: RHB Vernon Sterling 0-0: Swinging Strike
0-1: Ball
1-1: Ball
2-1: SINGLE (Groundball, 34S)
Batting: RHB Mike Martin 0-0: Ball
1-0: Foul Ball, location: 2F
1-1: Swinging Strike
1-2: Ball
2-2: Strikes out swinging
Batting: RHB Emory Brooks 0-0: Ball
1-0: Ball
2-0: Ball
3-0: Base on Balls
Vernon Sterling to second
Batting: RHB Ambrose Brown 0-0: Ball
Passed Ball!
Vernon Sterling to third
Emory Brooks to second
1-0: Ball
2-0: Ground out 6-3 (Groundball, 6M)
Top of the 3rd over - 0 run(s), 1 hit(s), 0 error(s), 2 left on base; Boston College 1 - South Carolina 3
BOTTOM OF THE 3RD
South Carolina Gamecocks batting - Pitching for Boston College Eagles : RHP Steven LeBlanc
Batting: RHB Junior Adams 0-0: Foul Ball, location: 2F
0-1: Called Strike
0-2: SINGLE (Line Drive, 9S)
Batting: RHB Doug O'Brien 0-0: Called Strike
0-1: Ball
1-1: Ball
2-1: Ball
3-1: SINGLE (Groundball, 6D)
Junior Adams to second
Batting: RHB Carl Johnston 0-0: Ball
1-0: Ball
2-0: Ball
3-0: Called Strike
3-1: Base on Balls
Junior Adams to third
Doug O'Brien to second
Batting: RHB Taylor Justice 0-0: Ball
1-0: Grounds into fielders choice 1-2 (Groundball, 25)
Doug O'Brien to third
Carl Johnston to second
Batting: RHB Clint Ratzlaff 0-0: Ball
1-0: DOUBLE (Groundball, 5L)
Doug O'Brien scores
Carl Johnston scores
Taylor Justice to third
Batting: RHB José Zúńiga 0-0: Ball
1-0: Fly out, F9 (Flyball, 9M)
Runner from 3rd tags up, SCORES, throw made
Batting: RHB Gary Wyatt 0-0: Called Strike
0-1: Foul Ball, location: 2F
0-2: Fly out, F3 (Popup, 3SF)
Bottom of the 3rd over - 3 run(s), 3 hit(s), 0 error(s), 1 left on base; Boston College 1 - South Carolina 6
TOP OF THE 4TH
Boston College Eagles batting - Pitching for South Carolina Gamecocks : RHP Bryce Davis
Batting: RHB Wade Ayers 0-0: Ball
1-0: Ball
2-0: Called Strike
2-1: Swinging Strike
2-2: Ball
3-2: Base on Balls
Batting: RHB Will Stafford 0-0: Ball
1-0: Foul Ball, location: 2F
1-1: Foul Ball, location: 2F
1-2: Fly out, F8 (Flyball, 8RM)
Batting: RHB Kane Cooper 0-0: Called Strike
0-1: Ball
1-1: Ball
2-1: Fielders Choice at 2nd, 6-4 (Groundball, 6)
Batting: SHB Felipe Castro 0-0: Ball
1-0: Called Strike
1-1: Foul Ball, location: 2F
1-2: SINGLE (Flyball, 78S)
Kane Cooper to second
Batting: LHB Dave Cook 0-0: Ball
1-0: Called Strike
1-1: Ball
2-1: Swinging Strike
2-2: Ball
3-2: Strikes out looking
Top of the 4th over - 0 run(s), 1 hit(s), 0 error(s), 2 left on base; Boston College 1 - South Carolina 6
BOTTOM OF THE 4TH
South Carolina Gamecocks batting - Pitching for Boston College Eagles : RHP Steven LeBlanc
Batting: LHB Josh Pérez 0-0: Ball
1-0: Called Strike
1-1: Ball
2-1: Foul Ball, location: 2F
2-2: Foul Ball, location: 2F
2-2: Strikes out swinging
Batting: RHB Lewis Carter 0-0: Called Strike
0-1: Ground out 6-3 (Groundball, 6)
Batting: RHB Junior Adams 0-0: Swinging Strike
0-1: Foul Ball, location: 2F
0-2: Foul Ball, location: 2F
0-2: Ball
1-2: Strikes out looking
Bottom of the 4th over - 0 run(s), 0 hit(s), 0 error(s), 0 left on base; Boston College 1 - South Carolina 6
TOP OF THE 5TH
Boston College Eagles batting - Pitching for South Carolina Gamecocks : RHP Bryce Davis
Pitching: RHP Joseph Salinas
Batting: RHB Vernon Sterling 0-0: Ball
1-0: Ball
2-0: Ball
3-0: Called Strike
3-1: Base on Balls
Batting: RHB Mike Martin 0-0: Fielders Choice at 2nd, 4-6 (Groundball, 4)
Batting: RHB Emory Brooks 0-0: Called Strike
0-1: Foul Ball, location: 2F
0-2: Ball
1-2: Strikes out swinging
Batting: RHB Ambrose Brown 0-0: Swinging Strike
0-1: Ball
1-1: Foul Ball, location: 2F
1-2: Fly out, F6 (Line Drive, 6)
Top of the 5th over - 0 run(s), 0 hit(s), 0 error(s), 1 left on base; Boston College 1 - South Carolina 6
BOTTOM OF THE 5TH
South Carolina Gamecocks batting - Pitching for Boston College Eagles : RHP Steven LeBlanc
Batting: RHB Doug O'Brien 0-0: Foul Ball, location: 2F
0-1: Foul Ball, location: 2F
0-2: Ball
1-2: Ground out 1-3 (Groundball, 15)
Batting: RHB Carl Johnston 0-0: Foul Ball, location: 2F
0-1: Ball
1-1: Called Strike
1-2: Foul Ball, location: 2F
1-2: Foul Ball, location: 2F
1-2: Strikes out looking
Batting: RHB Taylor Justice 0-0: Swinging Strike
0-1: Ball
1-1: Swinging Strike
1-2: Ball
2-2: Strikes out swinging
Bottom of the 5th over - 0 run(s), 0 hit(s), 0 error(s), 0 left on base; Boston College 1 - South Carolina 6
TOP OF THE 6TH
Boston College Eagles batting - Pitching for South Carolina Gamecocks : RHP Joseph Salinas
Batting: RHB Wade Ayers 0-0: Foul Ball, location: 2F
0-1: Foul Ball, location: 2F
0-2: Foul Ball, location: 2F
0-2: Strikes out swinging
Batting: RHB Will Stafford 0-0: Ball
1-0: Foul Ball, location: 2F
1-1: Ground out 6-3 (Groundball, 6M)
Batting: RHB Kane Cooper 0-0: Ball
1-0: Called Strike
1-1: Foul Ball, location: 2F
1-2: Ball
2-2: Ball
3-2: Base on Balls
Batting: SHB Felipe Castro 0-0: Called Strike
0-1: Swinging Strike
0-2: Strikes out swinging
Top of the 6th over - 0 run(s), 0 hit(s), 0 error(s), 1 left on base; Boston College 1 - South Carolina 6
BOTTOM OF THE 6TH
South Carolina Gamecocks batting - Pitching for Boston College Eagles : RHP Steven LeBlanc
Pitching: LHP Tony McCullough
Batting: RHB Clint Ratzlaff 0-0: Ball
1-0: Called Strike
1-1: Ball
2-1: Called Strike
2-2: Strikes out swinging
Batting: RHB José Zúńiga 0-0: Called Strike
0-1: Foul Ball, location: 2F
0-2: Ball
1-2: Strikes out swinging
Batting: RHB Gary Wyatt 0-0: Ball
1-0: Ball
2-0: Called Strike
2-1: Foul Ball, location: 2F
2-2: Strikes out looking
Bottom of the 6th over - 0 run(s), 0 hit(s), 0 error(s), 0 left on base; Boston College 1 - South Carolina 6
TOP OF THE 7TH
Boston College Eagles batting - Pitching for South Carolina Gamecocks : RHP Joseph Salinas
Pitching: RHP Aaron Williams
Batting: LHB Dave Cook 0-0: Foul Ball, location: 2F
0-1: Ball
1-1: Swinging Strike
1-2: Foul Ball, location: 2F
1-2: SINGLE (Groundball, 4MD)
Batting: RHB Vernon Sterling 0-0: Called Strike
0-1: Foul Ball, location: 2F
0-2: Ball
1-2: Foul Ball, location: 2F
1-2: Foul Ball, location: 2F
1-2: Ball
2-2: Ball
3-2: Fielders Choice at 2nd, 5-4 (Groundball, 56)
Batting: RHB Mike Martin 0-0: Ball
1-0: Called Strike
1-1: Ball
2-1: Ball
3-1: Base on Balls
Vernon Sterling to second
Batting: RHB Emory Brooks 0-0: Ball
1-0: Ball
2-0: Ball
3-0: Called Strike
3-1: Swinging Strike
3-2: Foul Ball, location: 2F
3-2: Foul Ball, location: 2F
3-2: Foul Ball, location: 2F
3-2: Base on Balls
Vernon Sterling to third
Mike Martin to second
Batting: RHB Ambrose Brown 0-0: Ball
1-0: Foul Ball, location: 2F
1-1: Ball
2-1: Ground out 5-3 (Groundball, 56S)
Vernon Sterling scores
Mike Martin to third
Emory Brooks to second
Batting: RHB Wade Ayers 0-0: Swinging Strike
0-1: Ball
1-1: Foul Ball, location: 2F
1-2: Foul Ball, location: 2F
1-2: Ball
2-2: Foul Ball, location: 2F
2-2: Fly out, F9 (Flyball, 9LMF)
Top of the 7th over - 1 run(s), 1 hit(s), 0 error(s), 2 left on base; Boston College 2 - South Carolina 6
BOTTOM OF THE 7TH
South Carolina Gamecocks batting - Pitching for Boston College Eagles : LHP Tony McCullough
Batting: LHB Josh Pérez 0-0: Called Strike
0-1: Foul Ball, location: 2F
0-2: Ball
1-2: Foul Ball, location: 2F
1-2: Foul Ball, location: 2F
1-2: Ball
2-2: Foul Ball, location: 2F
2-2: Ball
3-2: Base on Balls
Batting: RHB Lewis Carter 0-0: Sac Bunt - play at first, batter OUT! 5-4
Josh Pérez to second
Batting: RHB Junior Adams 0-0: Intentional Walk
Batting: RHB Doug O'Brien 0-0: Ball
1-0: Ball
2-0: Ball
3-0: Called Strike
3-1: 3-RUN HOME RUN (Flyball, 7LD), Distance : 322 ft
Batting: RHB Carl Johnston 0-0: Ball
1-0: Ball
2-0: Ball
3-0: Base on Balls
Batting: RHB Taylor Justice 0-0: Called Strike
0-1: Ball
1-1: Called Strike
1-2: Fly out, F7 (Line Drive, 7D)
Batting: RHB Clint Ratzlaff 0-0: Ball
1-0: Ground out 6-3 (Groundball, 6)
Bottom of the 7th over - 3 run(s), 1 hit(s), 0 error(s), 1 left on base; Boston College 2 - South Carolina 9
TOP OF THE 8TH
Boston College Eagles batting - Pitching for South Carolina Gamecocks : RHP Aaron Williams
Now in RF: Will Jones
Batting: RHB Will Stafford 0-0: Swinging Strike
0-1: Ball
1-1: Called Strike
1-2: Fly out, F9 (Flyball, 9LM)
Batting: RHB Kane Cooper 0-0: Ball
1-0: Ball
2-0: Called Strike
2-1: Foul Ball, location: 2F
2-2: DOUBLE (Flyball, 9LS)
Pitching: RHP Gerald Wood
Pinch Hitting: RHB Bob Reid 0-0: Ball
1-0: Called Strike
1-1: Ball
2-1: Ball
3-1: Foul Ball, location: 2F
3-2: 2-RUN HOME RUN (Flyball, 8LXD), Distance : 389 ft
Batting: LHB Dave Cook 0-0: Called Strike
0-1: Ball
1-1: Ball
2-1: SINGLE (Groundball, 56S)
Batting: RHB Vernon Sterling 0-0: SINGLE (Groundball, 34)
Dave Cook to second
Runner from 2nd tries for 3rd, SAFE, throw made to third
Batting: RHB Mike Martin 0-0: Swinging Strike
0-1: Foul Ball, location: 2F
0-2: Ball
1-2: Fly out, F7 (Flyball, 7D)
Runner from 3rd tags up, SCORES, no throw
Batting: RHB Emory Brooks 0-0: Swinging Strike
0-1: Foul Ball, location: 2F
0-2: Ball
1-2: Strikes out swinging
Top of the 8th over - 3 run(s), 4 hit(s), 0 error(s), 1 left on base; Boston College 5 - South Carolina 9
BOTTOM OF THE 8TH
South Carolina Gamecocks batting - Pitching for Boston College Eagles : LHP Tony McCullough
Pitching: LHP Mario González
Now in LF: Bobby Porter
Batting: RHB José Zúńiga 0-0: Ball
1-0: Ball
2-0: Called Strike
2-1: Called Strike
2-2: Foul Ball, location: 2F
2-2: Strikes out swinging
Batting: RHB Gary Wyatt 0-0: Swinging Strike
0-1: Ball
1-1: DOUBLE (Flyball, 78M)
Batting: LHB Josh Pérez 0-0: Foul Ball, location: 2F
0-1: Foul Ball, location: 2F
0-2: Ball
1-2: Ball
2-2: Ball
3-2: Base on Balls
Batting: RHB Lewis Carter 0-0: Called Strike
0-1: Ball
1-1: Ball
2-1: Ball
3-1: Foul Ball, location: 2F
3-2: Strikes out swinging
Batting: RHB Junior Adams 0-0: Called Strike
0-1: Ball
1-1: Foul Ball, location: 2F
1-2: Foul Ball, location: 2F
1-2: Ball
2-2: Ground out 6-3 (Groundball, 6)
Bottom of the 8th over - 0 run(s), 1 hit(s), 0 error(s), 2 left on base; Boston College 5 - South Carolina 9
TOP OF THE 9TH
Boston College Eagles batting - Pitching for South Carolina Gamecocks : RHP Gerald Wood
Batting: RHB Ambrose Brown 0-0: Ball
1-0: Ground out 6-3 (Groundball, 6)
Batting: RHB Wade Ayers 0-0: Ball
1-0: Swinging Strike
1-1: Called Strike
1-2: Foul Ball, location: 2F
1-2: Ball
2-2: Strikes out swinging
Batting: RHB Will Stafford 0-0: Ball
1-0: Ball
2-0: Ball
3-0: Called Strike
3-1: Base on Balls
Batting: RHB Kane Cooper 0-0: Foul Ball, location: 2F
0-1: Ball
1-1: Foul Ball, location: 2F
1-2: Ball
2-2: Foul Ball, location: 2F
2-2: Fly out, F9 (Flyball, 9M)
Top of the 9th over - 0 run(s), 0 hit(s), 0 error(s), 1 left on base; Boston College 5 - South Carolina 9
This league is powered by Out of the Park Baseball, the baseball management simulation game for PC, Mac and Linux
Saturday, April 9th, 2016 - OOTP Baseball 16.8 Build 38